 Dungeon Crawl Stone Soup version 0.29-a0-398-ge13fd1374b (webtiles) character file.

Game seed: 15669012727380444598

438 chopper the Chopper (level 6, -3/53 HPs)
             Began as a Minotaur Fighter on May 13, 2022.
             Was an Initiate of Nemelex Xobeh.
             Slain by zishaf's ghost (20 damage)
             ... on level 4 of the Dungeon.
             The game lasted 00:16:22 (4062 turns).

chopper the Chopper (Minotaur Fighter)              Turns: 4062, Time: 00:16:24

Health: -3/53      AC: 16    Str: 22    XL:     6   Next: 69%
Magic:  5/5        EV:  6    Int: 11    God:    Nemelex Xobeh [......]
Gold:   248        SH:  4    Dex: 10    Spells: 5/5 levels left

rFire   . . .      SeeInvis .   a - +0 war axe
rCold   . . .      Faith    .   c - +0 buckler
rNeg    . . .      Spirit   .   g - +0 plate armour
rPois   .          Reflect  .   (helmet restricted)
rElec   .          Harm     .   b - +0 cloak
rCorr   .          Rampage  .   r - +0 pair of gloves
Will    .....                   x - +0 pair of boots
Stlth   ..........              B - amulet of the acrobat
HPRegen 0.17/turn               u - +6 ring of intelligence
MPRegen 0.09/turn               (no ring)

@: mighty, lethally poisoned (-3 -> -7)
A: horns 2, retaliatory headbutt
a: Renounce Religion, Draw Escape, Draw Destruction, Draw Summoning


You were on level 4 of the Dungeon.
You worshipped Nemelex Xobeh.
Nemelex Xobeh was noncommittal.
You visited 2 branches of the dungeon, and saw 5 of its levels.

You collected 248 gold pieces.

Inventory:

Hand Weapons
 a - a +0 war axe (weapon)
 A - a +0 hand axe of electrocution
Armour
 b - a +0 cloak (worn)
 c - a +0 buckler (worn)
 g - a +0 plate armour (worn)
 r - a +0 pair of gloves (worn)
 x - a +0 pair of boots (worn)
 y - an orb of mayhem
Jewellery
 u - a +6 ring of intelligence (left hand)
 B - an amulet of the acrobat (around neck)
Wands
 v - a wand of flame (17)
Scrolls
 e - 2 scrolls of identify {unknown}
 f - 3 scrolls of vulnerability {unknown}
 l - a scroll of brand weapon {unknown}
 m - 2 scrolls of teleportation {unknown}
 o - 2 scrolls of immolation {unknown}
 p - a scroll of fog {unknown}
 s - a scroll of enchant weapon {unknown}
 t - a scroll of silence {unknown}
Potions
 d - a potion of berserk rage {unknown}
 h - a potion of resistance {unknown}
 i - 2 potions of curing {unknown}
 j - a potion of mutation {unknown}
 k - 2 potions of flight {unknown}
 n - a potion of lignification {unknown}
 q - a potion of degeneration {unknown}
 z - a potion of cancellation {unknown}
 C - a potion of brilliance {unknown}


   Skills:
 + Level 4.5 Fighting
 + Level 6.3 Axes
 + Level 5.2 Armour
 + Level 1.1 Dodging
 + Level 4.8 Shields


You had 5 spell levels left.
You didn't know any spells.
Your spell library contained the following spells:

 Spells                   Type           Power      Damage    Failure   Level
 Summon Small Mammal      Summ           0%         N/A       100%        1
 Portal Projectile        Hex/Tloc       0%         N/A       100%        3
 Blade Hands              Tmut           0%         N/A       100%        5
 Excruciating Wounds      Necr           0%         N/A       100%        5


Dungeon Overview and Level Annotations

Branches:
Dungeon (4/15)             Temple (1/1) D:4

Altars:
Cheibriados
Elyvilon
Fedhas
Gozag
Hepliaklqana
Kikubaaqudgha
Nemelex Xobeh
Okawaru
Ru
Trog
Uskayaw
Vehumet
Wu Jian
Xom
Yredelemnul
Zin
The Shining One

Annotations:
D:4 zishaf's ghost, amateur DjVM


Innate Abilities, Weirdness & Mutations

You have a pair of horns on your head.
You reflexively headbutt those who attack you in melee.


Message History

You see here a +0 trident.
Zishaf's ghost turns its malevolent gaze towards you.
You open the door.
Zishaf's ghost says, "I practised a lot since I died."
You barely miss zishaf's ghost.
Zishaf's ghost hits you but does no damage.
You slash zishaf's ghost!
Zishaf's ghost is lightly damaged.
Zishaf's ghost mumbles some strange words.
Zishaf's ghost begins to radiate toxic energy.
You are poisoned.
You barely miss zishaf's ghost.
Zishaf's ghost is lightly damaged.
You feel sick.
You are more poisoned. x2
Zishaf's ghost hits you but does no damage.
Zishaf's ghost closely misses you.
You barely miss zishaf's ghost. Your headbutt misses zishaf's ghost.
Zishaf's ghost is lightly damaged.
You feel sick.
You are more poisoned.
Zishaf's ghost hits you but does no damage.
You are electrocuted!
You closely miss zishaf's ghost. You headbutt zishaf's ghost!
Zishaf's ghost is heavily damaged.
You feel very sick.
You are more poisoned.
Zishaf's ghost's toxic aura wanes.
Zishaf's ghost hits you.
You feel very mighty all of a sudden.
You feel sick. Zishaf's ghost barely misses you.
You slash zishaf's ghost!
Zishaf's ghost is severely damaged.
You feel sick.
Zishaf's ghost hits you but does no damage.
You slash zishaf's ghost!
Zishaf's ghost is almost destroyed.
You feel sick.
Zishaf's ghost hits you but does no damage.
You are electrocuted!!
You die...
Your body disappears without a glow.

#.####.####.####.# ######
#.#......)....##.#
.....####.#.##.####.#.##.#
.....#.........# #.#.##.#
.#..........#### #......#
.#.......#### ###.####
.#)#.###.# ########.####
......##.# #♣.#..##.....#
......##.####8$W@..#..##.#
......##....#♣.#.......#.#
##.<.....<..########.#.#.#
##...>........# #(#.#.#
####....#.....# #.....#
####..###.....# ###.#.#.#
......# ###### #.....#.#
####.## #.#.###.# #.#
#.#.....#


You could see zishaf's ghost.

Vanquished Creatures
  Menkaure (D:4)
  The ghost of bastard the Chopper, an amateur FoAK of Lugonu (D:3)
  A hound (D:4)
  A scorpion zombie (D:3)
  An orc wizard (D:3)
  7 adders
  A worm (D:2)
  5 dart slugs
  10 orcs
  3 ball pythons
  10 endoplasms
  2 giant cockroaches
  5 goblins
  2 hobgoblins
  3 jackals (D:4)
  3 kobolds
  4 quokkas
  4 bats
  A giant cockroach zombie (D:3)
  4 rats
69 creatures vanquished.

Vanquished Creatures (others)
  A fungus (D:1)
1 creature vanquished.

Grand Total: 70 creatures vanquished

Notes
Turn   | Place    | Note
-------+----------+-------------------------------------------
     0 | D:1      | chopper the Minotaur Fighter began the quest for the Orb.
     0 | D:1      | Reached XP level 1. HP: 19/19 MP: 0/0
   805 | D:1      | Reached XP level 2. HP: 26/27 MP: 1/1
   862 | D:1      | Found a faded altar of an unknown god.
   876 | D:1      | Got Plato's Handbook of Dust
   981 | D:2      | Reached XP level 3. HP: 15/33 MP: 2/2
  1057 | D:2      | Found a glowing golden altar of the Shining One.
  2039 | D:2      | Reached skill level 1 in Dodging
  2259 | D:3      | Reached XP level 4. HP: 35/40 MP: 3/3
  2406 | D:3      | Found a runed translucent gate.
  2406 | D:3      | Found a runed translucent gate.
  2406 | D:3      | Found a runed translucent gate.
  2406 | D:3      | Noticed bastard's ghost (amateur FoAK)
  2408 | D:3      | Found a basalt altar of Yredelemnul.
  2419 | D:3      | Reached skill level 3 in Axes
  2519 | D:3      | Killed bastard's ghost
  2520 | D:3      | Reached skill level 4 in Axes
  2520 | D:3      | Reached XP level 5. HP: 39/46 MP: 4/4
  2779 | D:3      | Reached skill level 5 in Axes
  3007 | D:4      | Reached skill level 5 in Armour
  3010 | D:4      | Reached XP level 6. HP: 16/52 MP: 5/5
  3333 | D:4      | Found a runed translucent door.
  3333 | D:4      | Noticed zishaf's ghost (amateur DjVM)
  3566 | D:4      | Noticed Menkaure
  3573 | D:4      | Killed Menkaure
  3574 | D:4      | Reached skill level 6 in Axes
  3676 | D:4      | Found a staircase to the Ecumenical Temple.
  3684 | Temple   | Entered the Ecumenical Temple
  3725 | Temple   | Became a worshipper of Nemelex Xobeh the Trickster
  4062 | D:4      | Slain by zishaf's ghost

Illustrated notes

Levels and vault maps discovered:
D:1:      shiori_arrival_maze, layout_basic, shapermc_ecumenical_altar_rom_forum
D:2:      layout_basic, basic_altar
D:3:      layout_loops_ring, nicolae_yredelemnul_ghost_church
D:4:      layout_loops_cross, minmay_temple_entry_trees, gammafunk_ghost_grave,
          uniq_menkaure
Temple:   nicolae_temple_the_god_donut

Skill      XL: |  1  2  3  4  5  6 |
---------------+-------------------+-----
Armour         | 4 5 |  5.2
Shields        | 4 |  4.8
Fighting       | 4 |  4.5
Dodging        | 1 |  1.1
Axes           | 4 5 6 |  6.3

Action                   |  1- 3 |  4- 6 || total
-------------------------+-------+-------++-------
Melee: War axe           |    77 |    71 ||   148
       Headbutt          |     9 |    13 ||    22
  Use: Potion            |       |     2 ||     2
Armor: Plate armour      |    72 |    57 ||   129
Dodge: Dodged            |    26 |    30 ||    56
Block: Buckler           |    18 |    22 ||    40

Table legend: (Time is in decaauts)
 A = Elapsed time spent in this place.
 B = Non-inter-level travel time spent in this place.
 C = Inter-level travel time spent in this place.
 D = Time resting spent in this place.
 E = Time spent auto-exploring this place.
 F = Levels seen in this place.
 G = Mean time per level.
                   A        B        C        D        E       F      G
               +--------+--------+--------+--------+--------+-----+--------+
         Total |   4115 |   4115 |      0 |    299 |      0 |   5 |  823.0 |
       Dungeon |   4032 |   4032 |      0 |    299 |      0 |   4 | 1008.0 |
        Temple |     82 |     82 |      0 |      0 |      0 |   1 |   82.0 |
               +--------+--------+--------+--------+--------+-----+--------+

Top non-repeatable levels by time:
     D:2: 1292 daAuts
     D:4: 1036 daAuts
     D:1: 954 daAuts
     D:3: 749 daAuts
  Temple: 82 daAuts
